 Dungeon Crawl Stone Soup version 0.24-a0-203-gf0bc1e9 (webtiles) character file.

Game seed: 17502188418495792569

1151 Borgoz the Cutter (level 8, -3/72 HPs)
             Began as a Kobold Gladiator on Mar 27, 2019.
             Slain by an ice beast (6 damage)
             ... on level 6 of the Dungeon.
             The game lasted 00:13:21 (7112 turns).

Borgoz the Cutter (Kobold Gladiator)                Turns: 7112, Time: 00:13:23

Health: -3/72      AC:  4    Str: 18    XL:     8   Next: 65%
Magic:  12/12      EV: 17    Int: 10    God:
Gold:   258        SH:  0    Dex: 16    Spells: 12/12 levels left

rFire    + . .     SeeInvis .   a - +0 rapier
rCold    . . .     Gourm    .   (shield restricted)
rNeg     . . .     Faith    .   b - +0 leather armour
rPois    .         Spirit   .   c - +0 helmet
rElec    .         Reflect  .   (no cloak)
rCorr    .         Harm     .   (no gloves)
MR       .....                  (no boots)
Stlth    ..........             h - amulet of rage
HPRegen  0.22/turn              j - ring of protection from fire
MPRegen  0.13/turn              (no ring)

@: berserking (expiring), very quick
A: small, carnivore
a: Evoke Berserk Rage


You were on level 6 of the Dungeon.
You were completely stuffed.

You visited 2 branches of the dungeon, and saw 7 of its levels.

You collected 258 gold pieces.

Inventory:

Hand Weapons
 a - a +0 rapier (weapon)
Missiles
 d - 3 throwing nets (quivered)
 l - 2 tomahawks
Armour
 b - a +0 leather armour (worn)
 c - a +0 helmet (worn)
Jewellery
 h - an amulet of rage (around neck)
 j - a ring of protection from fire (left hand)
 n - an uncursed amulet of guardian spirit
 y - an uncursed ring of ice
Wands
 g - a wand of scattershot (3)
 A - a wand of flame (12)
Scrolls
 e - 2 scrolls of enchant weapon {unknown}
 k - 2 scrolls of teleportation
 m - a scroll of noise {unknown}
 o - a scroll of remove curse
 p - 3 scrolls of enchant armour {unknown}
 v - 4 scrolls of fear
 x - 2 scrolls of fog {unknown}
 z - a scroll of random uselessness {unknown}
Potions
 i - a potion of curing
 q - a potion of magic
 r - a potion of brilliance
 s - a potion of invisibility
 t - 3 potions of berserk rage
 u - a potion of mutation {unknown}
 w - a potion of lignification
Comestibles
 f - 13 rations


   Skills:
 + Level 4.1 Fighting
 + Level 5.7 Short Blades
 + Level 4.1 Throwing
 * Level 2.5 Armour
 + Level 5.2 Dodging
 + Level 4.2 Stealth
 + Level 2.7 Spellcasting
 * Level 5.1 Evocations


You had 12 spell levels left.
You didn't know any spells.
Your spell library was empty.

Dungeon Overview and Level Annotations

Branches:
Dungeon (6/15)             Temple (1/1) D:4

Altars:
Ashenzari
Cheibriados
Dithmenos
Elyvilon
Gozag
Hepliaklqana
Kikubaaqudgha
Makhleb
Nemelex Xobeh
Okawaru
Qazlal
Ru
Sif Muna
Trog
Uskayaw
Vehumet
Wu Jian
Xom
Yredelemnul
The Shining One

Shops:
D:4 [   D:6 (


Innate Abilities, Weirdness & Mutations

You are small and have problems with some larger weapons.
You are carnivorous and can eat meat at any time.


Message History

The ice beast is moderately wounded.
You hit the ice beast.
The ice beast is heavily wounded.
A quokka comes into view.
The ice beast barely misses you.
You puncture the ice beast!
The ice beast is severely wounded.
The ice beast closely misses you.
You hit the ice beast.
The ice beast is severely wounded.
You barely miss the ice beast.
The ice beast is severely wounded.
The ice beast hits you but does no damage.
You closely miss the ice beast.
The ice beast is severely wounded.
The quokka twitches its whiskers.
The ice beast hits you.
* * * LOW HITPOINT WARNING * * *
The ice beast freezes you.
You die...

# #######..
##############).......
........r...@Y{.......
####...######o.......
###.#.## #.......#
##.##.#.## #o....$.#
##.#(##.#.###.......#
##)#(#(##.#.##.......#
##(#.#.#.##.#.#########
##.#.###.#.##.#.##
##(#.##(##.#.##.#.##


You could see an ice beast, an orc priest and a quokka.

Vanquished Creatures
  2 ice beasts (D:5)
  2 phantoms
  An ogre (D:4)
  A centaur (D:6)
  2 bullfrogs
  2 hounds
  A jelly (D:6)
  An orc priest (D:6)
  A bullfrog skeleton (D:5)
  3 orc wizards
  A worker ant (D:6)
  A mummy (D:5)
  A hound skeleton (D:5)
  2 worker ant zombies (D:6)
  4 gnolls (D:6)
  8 adders
  2 oozes
  An adder zombie (D:3)
  4 worms
  2 dart slugs (D:2)
  5 leopard geckos
  12 orcs
  3 giant cockroaches
  5 goblins
  5 hobgoblins
  A jackal (D:6)
  2 quokkas (D:2)
  A ball python (D:2)
  10 bats
  3 frilled lizards
  A hobgoblin zombie (D:5)
  6 kobolds
  A kobold zombie (D:5)
  2 orc zombies (D:5)
  A quokka zombie (D:6)
  9 rats
109 creatures vanquished.

Notes
Turn   | Place    | Note
-------+----------+-------------------------------------------
     0 | D:1      | Borgoz the Kobold Gladiator began the quest for the Orb.
     0 | D:1      | Reached XP level 1. HP: 12/12 MP: 1/1
    52 | D:1      | Reached XP level 2. HP: 1/17 MP: 2/2
   658 | D:1      | Reached XP level 3. HP: 22/22 MP: 3/3
   661 | D:1      | Reached skill level 1 in Stealth
  1165 | D:2      | Found a faded altar of an unknown god.
  1211 | D:2      | Reached XP level 4. HP: 22/27 MP: 5/5
  1285 | D:2      | Reached skill level 1 in Evocations
  2028 | D:3      | Noticed a phantom
  2051 | D:3      | Killed a phantom
  2051 | D:3      | Reached skill level 1 in Armour
  2051 | D:3      | Reached skill level 1 in Spellcasting
  2051 | D:3      | Reached XP level 5. HP: 32/32 MP: 6/6
  2204 | D:3      | Reached XP level 6. HP: 37/37 MP: 6/8
  2931 | D:4      | Reached XP level 7. HP: 31/41 MP: 9/9
  3077 | D:4      | Found Deyrotwa's Antique Armour Shop.
  3131 | D:4      | Reached skill level 5 in Short Blades
  3168 | D:4      | Found a staircase to the Ecumenical Temple.
  3177 | Temple   | Entered the Ecumenical Temple
  4574 | D:4      | Found a sacrificial altar of Ru.
  4575 | D:4      | Found a sparkling altar of Nemelex Xobeh.
  4822 | D:5      | Entered Level 5 of the Dungeon
  5533 | D:5      | Reached XP level 8. HP: 15/48 MP: 11/11
  5860 | D:5      | Found a hazy altar of Hepliaklqana.
  5861 | D:5      | Found a shadowy altar of Dithmenos.
  6087 | D:5      | Found an opulent altar of Gozag.
  6087 | D:5      | Found a shattered altar of Ashenzari.
  6088 | D:5      | Found an iron altar of Okawaru.
  6293 | D:6      | Found Kippiuk's Antique Weapon Shop.
  6329 | D:6      | Reached skill level 5 in Dodging
  6507 | D:6      | Reached skill level 5 in Evocations
  7086 | D:6      | Noticed a vampire
  7095 | D:6      | HP: 3/72 [orc priest/+0 club (1)]
  7112 | D:6      | HP: 3/72 [ice beast (1)]
  7112 | D:6      | Slain by an ice beast

Levels and vault maps discovered:
D:1:      tarquinn_simple_flora_water_e, layout_rooms
D:2:      layout_basic, chequers_ecumenical_altar_simple
D:3:      layout_loops_cross, first_ration
D:4:      layout_basic, gammafunk_temple_overflow_pools, temple_green,
          serial_glass, glass_columns_a, glass_columns_b, serial_shops, shop
D:5:      layout_loops_ring, nicolae_overflow_hidden_temple, minmay_mini_ossuary
D:6:      minmay_inner_zag, layout_basic, old_standard_altar, serial_shops,
          nicolae_shop_window_shopping, eino_curves_04, solitary_fountain,
          feat_on_display
Temple:   oiseaux_autumnal_temple

Skill      XL: |  1  2  3  4  5  6  7  8 |
---------------+-------------------------+-----
Stealth        | 1 2 3 4 |  4.2
Evocations     | 2 3 4 5 |  5.1
Dodging        | 4 5 |  5.2
Fighting       | 3 4 |  4.1
Armour         | 1 2 |  2.5
Spellcasting   | 1 2 |  2.7
Throwing       | 3 4 |  4.1
Short Blades   | 5 |  5.7

Action                   |  1- 3 |  4- 6 |  7- 9 || total
-------------------------+-------+-------+-------++-------
Melee: Rapier            |    92 |   209 |   225 ||   526
 Abil: Evoke Berserk Rag |       |     2 |     6 ||     8
  Use: Potion            |       |     1 |     3 ||     4
       Scroll            |       |       |    11 ||    11
 Stab: Sleeping          |     2 |     5 |     2 ||     9
  Eat: Chunk             |     9 |     8 |    19 ||    36
Armor: Leather armour    |    11 |    34 |    18 ||    63
Dodge: Dodged            |    64 |   140 |   140 ||   344

Table legend:
 A = Non-vault XP
 B = Vault XP
 C = Vault XP percentage of total XP
 D = Non-vault monster count
 E = Vault monster count
 F = Vault count percentage of total count
                 A         B        C        D         E       F
            +---------+---------+-------+---------+---------+-------
      Total |    1400 |     245 |  14.9 |      97 |      12 |  11.0
            +---------+---------+-------+---------+---------+-------
        D:1 |      36 |       0 |   0.0 |      17 |       0 |   0.0
        D:2 |      85 |       0 |   0.0 |      20 |       0 |   0.0
        D:3 |     380 |       0 |   0.0 |      35 |       0 |   0.0
        D:4 |     297 |       0 |   0.0 |       7 |       0 |   0.0
        D:5 |     319 |      22 |   6.5 |       6 |       5 |  45.5
        D:6 |     283 |     223 |  44.1 |      12 |       7 |  36.8
            +---------+---------+-------+---------+---------+-------
